 Dungeon Crawl Stone Soup version 0.28.0-53-g5a82cb258f (webtiles) character file.

Game seed: 11574762581463892098

13 RevDB the Conjurer (level 2, 0/22 HPs)
             Began as a Draconian Conjurer on June 29, 2022.
             Slain by an adder (3 damage)
             ... on level 2 of the Dungeon.
             The game lasted 00:12:23 (1018 turns).

RevDB the Conjurer (Draconian Conjurer)             Turns: 1018, Time: 00:12:24

Health: 0/22       AC:  4    Str:  9    XL:     2   Next: 24%
Magic:  2/5        EV: 12    Int: 18    God:
Gold:   22         SH:  0    Dex:  9    Spells: 4/5 levels left

rFire   . . .      SeeInvis .   e - staff of death
rCold   . . .      Faith    .   (no shield)
rNeg    + . .      Spirit   .   (armour unavailable)
rPois   .          Reflect  .   h - +0 hat
rElec   .          Harm     .   (no cloak)
rCorr   .          Rampage  .   (no gloves)
Will    .....                   (no boots)
Stlth   ++........              (no amulet)
HPRegen 0.07/turn               (no ring)
MPRegen 0.09/turn               (no ring)

@: no status effects
A: AC +4, unfitting armour, cold-blooded
a: no special abilities


You were on level 2 of the Dungeon.
You visited 1 branch of the dungeon, and saw 2 of its levels.

You collected 22 gold pieces.

Inventory:

Hand Weapons
 a - a +0 dagger
Missiles
 c - 22 stones
Armour
 g - an orb of guile
 h - a +0 hat (worn)
Magical Staves
 e - a staff of death (weapon)
Scrolls
 b - 3 scrolls of brand weapon {unknown}
 d - a scroll of torment {unknown}
 f - a scroll of fog {unknown}


   Skills:
 + Level 0.7 Fighting
 - Level 1.8 Dodging
 + Level 2.1 Stealth
 + Level 2.2 Spellcasting
 + Level 4.1 Conjurations


You had 4 spell levels left.
You knew the following spells:

 Your Spells              Type           Power      Damage    Failure   Level
a - Magic Dart            Conj           64%        1d6       3%          1

Your spell library contained the following spells:

 Spells                   Type           Power      Damage    Failure   Level
 Searing Ray              Conj           32%        2d5       4%          2
 Dazzling Flash           Conj/Hex       18%        N/A       22%         3
 Fulminant Prism          Conj/Hex       4%         3d6       58%         4
 Iskenderun's Mystic Bla  Conj/Tloc      9%         2d4       58%         4


Dungeon Overview and Level Annotations

Branches:
Dungeon (2/15)

Altars:


Innate Abilities, Weirdness & Mutations

Your plain brown scales are hard. (AC +4)
You cannot fit into any form of body armour.
You are cold-blooded and may be slowed by cold attacks.


Message History

The adder bites you but does no damage.
Your magical contamination has completely faded away.
You hit the adder.
The adder is almost dead.
You feel sick. The adder barely misses you.
You feel sick. The adder bites you but does no damage.
You feel sick.
You feel sick.
You are no longer poisoned.
The adder bites you.
You are poisoned.
The adder poisons you!
You feel sick.
You feel sick.
You are too injured to fight recklessly!
You feel sick. The adder misses you.
You are too injured to fight recklessly!
You barely miss the adder.
The adder is severely wounded.
* * * LOW HITPOINT WARNING * * *
You feel sick.
You are no longer poisoned.
The adder completely misses you.
You are too injured to fight recklessly!
You hit the adder but do no damage.
The adder is severely wounded.
The adder closely misses you. The adder bites you but does no damage.
You barely miss the adder.
The adder is severely wounded.
The adder closely misses you.
You hit the adder.
Your tail-slap misses the adder.
The adder is almost dead.
The adder barely misses you. The adder closely misses you.
You barely miss the adder.
The adder is almost dead.
The adder bites you but does no damage.
You hit the adder.
The adder is almost dead.
The adder misses you. The adder bites you.
You die...

..............#........
..............#<.#
.....).........#..###+####
#.#..........##.#.......
#..........##.#.......
#......#...# .........
#......#...###........
#......#...#..........
#......@S.......#+###.
#...................+
#.#+#.............### #.
#........##......
#........# ...##.
..###..........# . #.#
#...........# ..
...........#.# ....##....
..


You could see an adder.

Vanquished Creatures
  A giant cockroach (D:1)
  2 goblins (D:1)
  A hobgoblin (D:1)
  2 kobolds
  3 bats (D:1)
  2 frilled lizards (D:1)
  A rat (D:1)
12 creatures vanquished.

Vanquished Creatures (others)
  7 plants (D:1)
7 creatures vanquished.

Grand Total: 19 creatures vanquished

Notes
Turn   | Place    | Note
-------+----------+-------------------------------------------
     0 | D:1      | RevDB the Draconian Conjurer began the quest for the Orb.
     0 | D:1      | Reached XP level 1. HP: 14/14 MP: 3/3
    99 | D:1      | Found a faded altar of an unknown god.
   628 | D:1      | Reached XP level 2. HP: 22/22 MP: 5/5
  1018 | D:2      | Slain by an adder

Illustrated notes

Levels and vault maps discovered:
D:1:      minmay_arrival_semitransparent, layout_loops_ring,
          dilly_ecumenical_altar_fadedgnrine, minivault_24,
          hangedman_decor_points
D:2:      cheibrodos_pilgrimage, layout_basic, fountainhead

Skill      XL: |  1 |
---------------+----+-----
Stealth        | 2 |  2.1
Fighting       | |  0.7
Dodging        | |  1.8
Spellcasting   | |  2.2
Conjurations   | |  4.1

Action                   || total
-------------------------++-------
Melee: Dagger            ||    59
       Unarmed           ||    15
       Tailslap          ||     7
       Punch             ||     1
       Staff             ||    11
 Cast: Magic Dart        ||     9
Armor: Skin              ||    37
Dodge: Dodged            ||    63
